 Dungeon Crawl Stone Soup version 0.30-a0-737-gf23d940 (webtiles) character file.

Game seed: 4512068197172616506

2 PublicAnimeNo1 the Sneak (level 1, -1/18 HPs)
             Began as a Demonspawn Delver on Feb 1, 2023.
             Slain by a water moccasin zombie (2 damage)
             ... in an ossuary.
             The game lasted 00:01:43 (223 turns).

PublicAnimeNo1 the Sneak (Demonspawn Delver)         Turns: 223, Time: 00:01:44

Health: -1/18      AC:  3    Str: 12    XL:     1   Next: 33%
Magic:  1/1        EV: 11    Int: 11    God:
Gold:   0          SH:  0    Dex: 14    Spells: 0/0 levels left

rFire   + . .      SeeInvis .    h - +0 long sword
rCold   + . .      Faith    .    (no shield)
rNeg    . . .      Spirit   .    b - +0 leather armour
rPois   +          Reflect  .    (no helmet)
rElec   +          Harm     .    (no cloak)
rCorr   +          Rampage  .    (no gloves)
Will    .....                    (no boots)
Stlth   ++                       (no amulet)
HPRegen 0.23/turn                (no ring)
MPRegen 0.07/turn                (no ring)

@: resistant
A: no striking features
a: no special abilities


You were in an ossuary.
You visited 1 branch of the dungeon, and saw 1 of its levels.
You also visited: Ossuary.

Inventory:

Hand Weapons
 h - a +0 long sword (weapon)
Armour
 b - a +0 leather armour (worn)
Wands
 a - a wand of flame (18)
 g - a wand of digging (3)
Scrolls
 c - a scroll of fog
 d - a scroll of magic mapping
 e - a scroll of fear
Potions
 f - a potion of haste


   Skills:
 + Level 3.0 Fighting
 * Level 1.9 Long Blades
 + Level 1.8 Dodging
 - Level 4.5 Stealth


You couldn't memorise any spells.
You didn't know any spells.
Your spell library was empty.

Dungeon Overview and Level Annotations

Branches:
Dungeon (5/15)            Ossuary (1/1)
 Temple: D:4-7

Altars:
Hepliaklqana


Message History

A water moccasin zombie comes into view.
There is an open door here.
The helpless adder zombie fails to defend itself.
You hit the adder zombie.
The adder zombie is lightly damaged.
The adder zombie bites you but does no damage.
The water moccasin zombie bites you. The adder zombie barely misses you.
You hit the water moccasin zombie but do no damage.
The water moccasin zombie barely misses you.
The water moccasin zombie bites you.
It was a potion of resistance.
You feel protected. The water moccasin zombie misses you.
You closely miss the water moccasin zombie.
The water moccasin zombie barely misses you.
The water moccasin zombie bites you.
You hit the water moccasin zombie but do no damage.
The water moccasin zombie barely misses you.
You closely miss the water moccasin zombie.
The water moccasin zombie bites you.
The water moccasin zombie barely misses you.
You closely miss the water moccasin zombie.
The water moccasin zombie bites you but does no damage.
You closely miss the water moccasin zombie.
The water moccasin zombie barely misses you.
The water moccasin zombie bites you but does no damage.
Okay, then.
You slash the water moccasin zombie!
The water moccasin zombie is moderately damaged.
The water moccasin zombie bites you.
* * * LOW HITPOINT WARNING * * *
You barely miss the water moccasin zombie.
The water moccasin zombie is moderately damaged.
The water moccasin zombie closely misses you.
The water moccasin zombie barely misses you.
You slash the water moccasin zombie!
The water moccasin zombie is heavily damaged.
The water moccasin zombie bites you but does no damage.
The water moccasin zombie bites you.
You die...

#########
#...#...#
#..Z#...#
+..ZZ@..#
######'##
#...#
#...#
#...#
#...#
###'#
#...#
#...#


You could see an adder zombie, a water moccasin zombie and a gnoll zombie.

Vanquished Creatures
  A goblin zombie (D:5)
  A hobgoblin zombie (Ossuary)
  A kobold zombie (Ossuary)
  A rat zombie (D:5)
4 creatures vanquished.

Notes
Turn   | Place    | Note
-------+----------+-------------------------------------------
     0 | D:5      | PublicAnimeNo1 the Demonspawn Delver began the quest for
                  | the Orb.
     0 | D:5      | Reached XP level 1. HP: 18/18 MP: 1/1
    59 | D:5      | Noticed an orc wizard
   108 | D:5      | Found a hazy altar of Hepliaklqana.
   155 | D:5      | Found a sand-covered staircase.
   180 | Ossuary  | Entered an ossuary
   211 | Ossuary  | Noticed a water moccasin zombie
   223 | Ossuary  | Slain by a water moccasin zombie

Illustrated notes

Levels and vault maps discovered:
D:5:      layout_gridville, nicolae_hepliaklqana_monster_ancestors,
          tso_metal_star, serial_shops, shop, enter_ossuary_4, uniq_grinder
Ossuary:  ossuary_tomb_2

Action                     || total
---------------------------++-------
  Melee: Long sword        ||    20
    Use: Potion            ||     1
   Stab: Sleeping          ||     2
 Armour: Leather armour    ||     6
  Dodge: Dodged            ||    13

Table legend: (Time is in decaauts)
 A = Elapsed time spent in this place.
 B = Non-inter-level travel time spent in this place.
 C = Inter-level travel time spent in this place.
 D = Time resting spent in this place.
 E = Time spent auto-exploring this place.
 F = Levels seen in this place.
 G = Mean time per level.
                   A        B        C        D        E       F      G
               +--------+--------+--------+--------+--------+-----+--------+
         Total |    228 |    228 |      0 |      0 |     33 |   2 |  114.0 |
       Dungeon |    181 |    181 |      0 |      0 |     33 |   1 |  181.0 |
       Ossuary |     46 |     46 |      0 |      0 |      0 |   1 |   46.0 |
               +--------+--------+--------+--------+--------+-----+--------+

Top non-repeatable levels by time:
     D:5: 181 daAuts
 Ossuary: 46 daAuts
